cohdb
Replays
Latest Replays
All Replays
Popular Replays
Top Player Replays
Match Explorer
How It Works
Community
CoH3 Stats
Reddit
Sign in to upload your games and track your stats! →
Sign in with Steam
Match 45299474
Unlisted
Match 45299474
Overview
Messages
Build Orders
End
Vickers Machine Gun Team
Construct Section Command Post
Vickers Machine Gun Team
Selects Heavy Armor Battlegroup
ML 3-inch Mortar Team
Vickers Machine Gun Team
Construct Field Infirmary
Selects Rigorous Vehicle Training
ML 3-inch Mortar Team
Royal Engineer Section
Vickers Machine Gun Team
Selects Forward Repair Assembly
Selects UNKNOWN (2162094)
Construct Platoon Command Post
Selects Light Vehicle Withdraw and Refit
Selects Radio Net
Construct Company Command Post
Crusader II Medium Tank
Crusader II Medium Tank
Foot Guards Section
Selects Recon Artillery
Recon Artillery
Churchill IV Heavy Tank
Royal Engineer Section
Recon Artillery
Dolph
RitraXP
Albert Jones 方老头
徒步丽丽
mahiro
rhinehard_troyat_von_kastanin
CPU-easy
DeathShroomX
0
0
Comments
sign in to comment!
No comments posted yet!